 Dungeon Sprint DCSS version 0.30-a0-1112-gfb780f5df6 (webtiles) character file.

Game seed: 7555764629723213110

837 sircluck the Severer (level 7, 0/112 HPs)
             Began as a Hill Orc Berserker on Apr 19, 2023.
             Was an Elder of Trog.
             Slain by a deep elf pyromancer
             ... wielding a +1 long sword of holy wrath
              (8 damage)
             ... in the Dungeon (Sprint III: "The Ten Rune Challenge").
             The game lasted 00:02:06 (1012 turns).

sircluck the Severer (Hill Orc Berserker)           Turns: 1012, Time: 00:02:07

Health: 0/112      AC:  2    Str: 22    XL:     7   Next: 99%
Magic:  7/7        EV: 13    Int:  7    God:    Trog [****..]
Gold:   49         SH:  0    Dex: 10    Spells: 6/6 levels left

rFire   . . .      SeeInvis .    a - +0 hand axe
rCold   . . .      Faith    .    (no shield)
rNeg    . . .      Spirit   .    b - +0 animal skin
rPois   .          Reflect  .    (no helmet)
rElec   .          Rampage  .    (no cloak)
rCorr   .          NoTele   +    (no gloves)
Will    .....                    (no boots) Stlth
                                 (no amulet)
HPRegen 0.38/turn                (no ring)
MPRegen 0.10/turn                (no ring)

@: berserking, very quick
A: no striking features
a: Renounce Religion, Berserk, Trog's Hand, Brothers in Arms


You were in the Dungeon.
You worshipped Trog.
Trog was greatly pleased with you.
You visited 1 branch You collected 49 gold pieces.

Inventory:

Hand Weapons
 a - a +0 hand axe (weapon)
Armour
 b - a +0 animal skin (worn)
Scrolls
 h - a scroll of blinking
 j - 2 scrolls of torment {unknown}
 k - 4 scrolls of identify
Potions
 c - 3 potions of curing
 d - a potion of heal wounds
 e - a potion of haste
 f - 2 potions of magic
 g - 2 potions of berserk rage
 i - 3 potions of mutation {unknown}
 l - 3 potions of flight


   Skills:
 + Level 11.7 Fighting
 + Level 15.0 Axes
 + Level 1.0 Throwing
 + Level 5.6 Armour
 + Level 5.5 Dodging
 + Level 1.6 Stealth


You had 6 spell levels left.
You didn't know any spells.
Your spell library was empty.

Dungeon Overview and Level Annotations

Branches:
Dungeon (1/1)

Altars:
Dithmenos
Elyvilon
Kikubaaqudgha
Okawaru
Ru
Sif Muna
Trog
Uskayaw
Vehumet
Wu Jian
Yredelemnul
Zin
The Shining One
Beogh


Message History

The fire elemental hits you. The fire elemental burns you!
You slash the fire elemental!
The fire elemental is almost destroyed.
You hit the deep elf pyromancer.
You hit the fire elemental but do no damage.
The fire elemental hits you. The fire elemental burns you!
The deep elf pyromancer gestures at you while chanting.
The bolt of fire hits you!
* * * LOW HITPOINT WARNING * * *
The bolt of fire hits the fire elemental.
The fire elemental completely resists.
The fire elemental completely misses you.
A red film seems to cover your vision as you go berserk!
You feel yourself moving faster!
You feel mighty!
The fire elemental barely misses you. x2
The deep elf pyromancer casts a spell at you.
The bolt of fire misses you.
The bolt of fire hits the fire elemental.
The fire elemental completely resists.
You completely miss the deep elf pyromancer.
The deep elf pyromancer is lightly wounded.
You closely miss the fire elemental. You barely miss the fire elemental.
The fire elemental misses you. The fire elemental hits you.
* * * LOW HITPOINT WARNING * * *
The fire elemental burns you!
* * * LOW HITPOINT WARNING * * *
You slash the deep elf pyromancer!
The deep elf pyromancer is heavily wounded.
You slash the fire elemental!
You destroy the fire elemental!
The fire elemental disappears in a puff of smoke!
You miss the fire elemental.
The deep elf pyromancer points at you and mumbles some strange words.
The bolt of fire misses you.
The bolt of fire hits the fire elemental.
The fire elemental completely resists.
The fire elemental hits you. The fire elemental burns you!
* * * LOW HITPOINT WARNING * * *
The deep elf pyromancer hits you with a +1 long sword of holy wrath!
You die...

▓▓▓▓▓▓▓ ▓▓▓ .'....♣♣
♣.############ .#.....♣♣
♣.#___#___#__# ##......♣
♣♣.#!..#__.#)_#
.#....~♣♣♣♣..###@#§###'##
.#...~~.♣..♣.#..e.E...))#
.#..~~~~.♣.♣.'.⌠........#
'#..~≈≈~~~♣♣.#...######'#
)#.~~≈~~~....#.⌠.# #...#
# .#.~≈~~~.....#...#
#...# #O#
.#.~~~.......#)### #...##
.O ##...........#)::#
#...'##.#
.............#___#
+...#...#


You could see a deep elf pyromancer and a fire elemental (summoned).

Vanquished Creatures
  A shadow (D)
  A necrophage (D)
  A water elemental (D)
  A jelly (D)
  Jessica (D)
  A necromancer (D)
  3 humans (D)
  A kobold demonologist (D)
  A phantom (D)
  2 endoplasms (D)
  A rat (D)
14 creatures vanquished.

Vanquished Creatures (collateral kills)
  2 two-headed ogres (D)
  A wizard (D)
3 creatures vanquished.

Grand Total: 17 creatures vanquished

Notes
Turn   | Place    | Note
-------+----------+-------------------------------------------
     0 | D        | sircluck the Hill Orc Berserker began the quest for the
                  | Orb.
     0 | D        | Reached XP level 1. HP: 19/19 MP: 1/1
    17 | D        | Noticed Jessica
    20 | D        | Reached ** piety under Trog
    22 | D        | Killed Jessica
    23 | D        | Reached skill level 5 in Fighting
    23 | D        | Reached skill level 6 in Axes
    23 | D        | Reached XP level 2. HP: 30/30 MP: 2/2
    23 | D        | Reached XP level 3. HP: 37/37 MP: 3/3
   314 | D        | Reached skill level 7 in Axes
   422 | D        | Reached *** piety under Trog
   520 | D        | Noticed a water elemental
   530 | D        | Killed a water elemental
   531 | D        | Reached skill level 9 in Axes
   531 | D        | Reached XP level 4. HP: 39/47 MP: 4/4
   579 | D        | Found a basalt altar of Yredelemnul.
   579 | D        | Found a shadowy altar of Dithmenos.
   579 | D        | Found a sacrificial altar of Ru.
   579 | D        | Noticed a necrophage
   586 | D        | Killed a necrophage
   587 | D        | Reached skill level 10 in Axes
   587 | D        | Reached XP level 5. HP: 39/55 MP: 5/5
   691 | D        | Noticed a shadow
   699 | D        | Reached **** piety under Trog
   700 | D        | Reached skill level 11 in Axes
   700 | D        | Reached XP level 6. HP: 10/62 MP: 6/6
   704 | D        | Killed a shadow
   705 | D        | Reached skill level 10 in Fighting
   705 | D        | Reached skill level 12 in Axes
   705 | D        | Reached skill level 1 in Stealth
   882 | D        | Noticed a two-headed ogre
   882 | D        | Noticed a two-headed ogre
   902 | D        | Killed a two-headed ogre
   903 | D        | Reached skill level 13 in Axes
   903 | D        | Reached skill level 5 in Armour
   903 | D        | Reached XP level 7. HP: 73/73 MP: 7/7
   919 | D        | Found a radiant altar of Vehumet.
   919 | D        | Found a shimmering blue altar of Sif Muna.
   919 | D        | Found an ancient bone altar of Kikubaaqudgha.
   927 | D        | Reached skill level 5 in Dodging
   938 | D        | Found a hide-covered altar of Uskayaw.
   938 | D        | Found a roughly hewn altar of Beogh.
   938 | D        | Found an iron altar of Okawaru.
   938 | D        | Found a bloodstained altar of Trog.
   938 | D        | Found an ornate altar of the Wu Jian Council.
   938 | D        | Noticed a human
   940 | D        | Noticed a human
   949 | D        | Killed a human
   950 | D        | Reached skill level 14 in Axes
   950 | D        | Reached skill level 1 in Throwing
   952 | D        | Killed a human
   953 | D        | Reached skill level 15 in Axes
   999 | D        | Found a glowing silver altar of Zin.
   999 | D        | Found a glowing golden altar of the Shining One.
   999 | D        | Found a white marble altar of Elyvilon.
   999 | D        | Noticed a deep elf pyromancer
  1002 | D        | Noticed a fire elemental
  1002 | D        | Noticed a fire elemental
  1012 | D        | Slain by a deep elf pyromancer

Illustrated notes

Levels and vault maps discovered:
D:        dungeon_sprint_mu [sprint_mu_entry_forest, sprint_mu_temple_rooms,
          sprint_mu_d1_spiders, sprint_mu_d2_genie, sprint_mu_d3_branching,
          sprint_mu_orc_legion, sprint_mu_elf_gauntlet, sprint_mu_hive_nellie,
          sprint_mu_lair_fedhas, sprint_mu_vaults_butterflies,
          sprint_mu_slime_circle, sprint_mu_swamp_cave, sprint_mu_snake_twists,
          sprint_mu_blade_basic, sprint_mu_crypt_chambers,
          sprint_mu_tomb_spiral, sprint_mu_vestibule_basic,
          sprint_mu_gehenna_hellfire, sprint_mu_dis_giant,
          sprint_mu_tartarus_statrot, sprint_mu_cocytus_islands, sprint_mu_zot1]

Skill      XL: |  1  2  3  4  5  6  7 |
---------------+----------------------+-----
Fighting       | 5 7 8 10 11 | 11.7
Axes           | 6 9 10 11 13 15 | 15.0
Armour         | 3 4 5 |  5.6
Dodging        | 2 3 4 5 |  5.5
Stealth        | 1 |  1.6
Throwing       | 1 |  1.0

Action                     |  1- 3 |  4- 6 |  7- 9 || total
---------------------------+-------+-------+-------++-------
  Melee: Hand axe          |    55 |    20 |    27 ||   102
  Throw: Stone             |     5 |       |       ||     5
 Invoke: Berserk           |     3 |     1 |     2 ||     6
         Brothers in Arms  |       |     1 |       ||     1
 Armour: Animal skin       |     3 |       |     3 ||     6
  Dodge: Dodged            |    25 |    11 |    10 ||    46

Table legend: (Time is in decaauts)
 A = Elapsed time spent in this place.
 B = Non-inter-level travel time spent in this place.
 C = Inter-level travel time spent in this place.
 D = Time resting spent in this place.
 E = Time spent auto-exploring this place.
 F = Levels seen in this place.
 G = Mean time per level.
                   A        B        C        D        E       F      G
               +--------+--------+--------+--------+--------+-----+--------+
         Total |   1046 |   1046 |      0 |    399 |    414 |   1 | 1046.0 |
       Dungeon |   1046 |   1046 |      0 |    399 |    414 |   1 | 1046.0 |
               +--------+--------+--------+--------+--------+-----+--------+

Top non-repeatable levels by time:
       D: 1046 daAuts
